 Dungeon Crawl Stone Soup version 0.27-a0-1116-g91b3acb402 (webtiles) character file.

Game seed: 6271944465339966824

42 voltaire321 the Ducker (level 3, 0/29 HPs)
             Began as a Djinni Gladiator on May 2, 2021.
             Slain by a gnoll
             ... wielding a +0 flail
              (6 damage)
             ... on level 2 of the Dungeon.
             The game lasted 00:01:54 (1602 turns).

voltaire321 the Ducker (Djinni Gladiator)           Turns: 1602, Time: 00:01:55

Health: 0/29       AC:  4    Str: 13    XL:     3   Next: 54%
Gold:   92         EV: 12    Int: 10    God:
                   SH:  0    Dex: 14

rFire    + + .     SeeInvis .   a - +0 long sword
rCold    x . .     Faith    .   (no shield)
rNeg     . . .     Spirit   .   b - +0 leather armour
rPois    ∞         Reflect  .   c - +0 helmet
rElec    .         Harm     .   (no cloak)
rCorr    .         Rampage  .   (no gloves)
Will     .....                  (boots unavailable)
Stlth    +.........             (no amulet)
HPRegen  0.09/turn              (no ring)
MPRegen  0.00/turn              (no ring)

@: flying
A: fire resistance 2, cold vulnerability 1, float, innate caster, hp casting,
extra vitality 1
a: no special abilities


You were on level 2 of the Dungeon.
You visited 1 branch of the dungeon, and saw 2 of its levels.

You collected 92 gold pieces.

Inventory:

Hand Weapons
 a - a +0 long sword (weapon)
Missiles
 d - 3 throwing nets (quivered)
Armour
 b - a +0 leather armour (worn)
 c - a +0 helmet (worn)
Scrolls
 e - 2 scrolls of amnesia {unknown}
 h - a scroll of fog {unknown}
 i - a scroll of magic mapping {unknown}
 j - a scroll of teleportation {unknown}
Potions
 f - a potion of heal wounds {unknown}
 g - a potion of cancellation {unknown}


   Skills:
 + Level 2.5 Fighting
 + Level 3.1 Long Blades
 - Level 1.5 Throwing
 + Level 3.7 Dodging
 + Level 1.0 Spellcasting


You had 3 spell levels left.
You knew the following spells:

 Your Spells              Type           Power      Damage    Failure   Level
a - Corona                Hex            2%         N/A       28%         1
Your spell library was empty.

Dungeon Overview and Level Annotations

Branches:
Dungeon (2/15)

Altars:


Innate Abilities, Weirdness & Mutations

You are immune to poison.
Your flesh is very heat resistant. (rF++)
You are vulnerable to cold. (rC-)
You float through the air rather than walking.
You learn spells naturally, not from books.
Your magical power is your life essence.
You have superior vitality. (+4 HP)


Message History

The ball python closely misses you. The ball python constricts you.
The ball python bites you but does no damage.
The ball python constricts you.
You hit the ball python but do no damage.
The ball python bites you. The ball python constricts you.
You closely miss the ball python.
The ball python bites you but does no damage.
The ball python constricts you.
The ball python bites you but does no damage.
The ball python constricts you.
You slash the ball python!
You kill the ball python!
Found a stone staircase leading up.
Found a short smoking staff.
Found a stone staircase leading down.
Found a quarterstaff.
You see here a staff of air.
Found a whip.
A gnoll comes into view. It is wielding a +0 flail.
The gnoll shouts!
A gnoll comes into view. It is wielding a +0 whip.
A gnoll comes into view. It is wielding a +0 whip.
The gnoll shouts!
You hit the gnoll.
The gnoll is heavily wounded.
The gnoll hits you but does no damage.
You barely miss the gnoll.
The gnoll is heavily wounded.
The gnoll hits you with a +0 flail. The gnoll hits you with a +0 whip.
The gnoll barely misses you. x2; The gnoll hits you with a +0 whip.
You hit the gnoll.
The gnoll is severely wounded.
The gnoll hits you with a +0 flail!
* * * LOW HITPOINT WARNING * * *
The gnoll closely misses you.
You riposte.
You hit the gnoll but do no damage. The gnoll misses you.
You barely miss the gnoll.
The gnoll is severely wounded.
The gnoll hits you with a +0 flail.
You die...

#.# #.######....<######.#.....#
###.###......#.###........#.....#
....^......#.#.###...####........
...........#....## .# #.###.###
...........#....# # #...#<...
###.....#.......# #.#....#.
......#...##....######.####.##...
......##..###........... ...#..#.
......##..##....@g.....####.##...
......##..#....gg.####.# #.##.#.
##+#.###..#......... #.##.##
.....####.#....#.###.# #.##.#
##....###.##.#.#.. # #.##.#
####.#......#.### #.##.#
#####.#.#......# #.##.#
........##.###.# ####.##.##
........##..# # #.........


You could see 3 gnolls.

Vanquished Creatures
  2 adders (D:2)
  A dart slug (D:1)
  An orc (D:2)
  3 ball pythons
  2 endoplasms
  A giant cockroach (D:1)
  A goblin (D:1)
  2 hobgoblins (D:1)
  4 kobolds
  A quokka (D:1)
  2 rats (D:1)
20 creatures vanquished.

Notes
Turn   | Place    | Note
-------+----------+-------------------------------------------
     0 | D:1      | voltaire321 the Djinni Gladiator began the quest for the
                  | Orb.
     0 | D:1      | Reached XP level 1. HP: 18/18 MP: 0/0
   165 | D:1      | Found a faded altar of an unknown god.
   210 | D:1      | Reached XP level 2. HP: 18/23 MP: 0/0
   905 | D:2      | Reached XP level 3. HP: 15/29 MP: 0/0
   905 | D:2      | Learned a level 1 spell: Corona
  1101 | D:2      | Reached skill level 1 in Spellcasting
  1602 | D:2      | Slain by a gnoll

Illustrated notes

Levels and vault maps discovered:
D:1:      nagdon_arrival_zigzag_paths, layout_loops_ring,
          hellmonk_ecumenical_altar_blasted, eino_curves_02,
          chequers_serial_rivers_micro_b, chequers_jeans, minmay_split_cup_large
D:2:      layout_basic, kennysheep_flooded_box

Skill      XL: |  1  2  3 |
---------------+----------+-----
Long Blades    | 3 |  3.1
Spellcasting   | 1 |  1.0
Fighting       | |  2.5
Throwing       | |  1.5
Dodging        | |  3.7

Action                   || total
-------------------------++-------
Melee: Long sword        ||    59
Armor: Leather armour    ||    17
Dodge: Dodged            ||    34
       Rpst.: Long sword ||    11

Table legend: (Time is in decaauts)
 A = Elapsed time spent in this place.
 B = Non-inter-level travel time spent in this place.
 C = Inter-level travel time spent in this place.
 D = Time resting spent in this place.
 E = Time spent auto-exploring this place.
 F = Levels seen in this place.
 G = Mean time per level.
                   A        B        C        D        E       F      G
               +--------+--------+--------+--------+--------+-----+--------+
         Total |   1617 |   1617 |      0 |    155 |   1270 |   2 |  808.5 |
       Dungeon |   1617 |   1617 |      0 |    155 |   1270 |   2 |  808.5 |
               +--------+--------+--------+--------+--------+-----+--------+

Top non-repeatable levels by time:
     D:1: 848 daAuts
     D:2: 769 daAuts
